 Dungeon Crawl Stone Soup version 0.29-a0-563-g64e4043184 (webtiles) character file.

Game seed: 3451100676025272474

139 porpoise the Cutter (level 5, -4/30 HPs)
             Began as a Kobold Gladiator on June 11, 2022.
             Slain by a gnoll
             ... wielding a +0 spear
              (7 damage)
             ... on level 3 of the Dungeon.
             The game lasted 00:05:41 (2641 turns).

porpoise the Cutter (Kobold Gladiator)              Turns: 2641, Time: 00:05:42

Health: -4/30      AC:  4    Str: 11    XL:     5   Next: 46%
Magic:  5/5        EV: 15    Int:  9    God:
Gold:   129        SH:  0    Dex: 19    Spells: 4/4 levels left

rFire   . . .      SeeInvis .   a - +0 rapier
rCold   . . .      Faith    .   (no shield)
rNeg    . . .      Spirit   .   q - +0 leather armour
rPois   .          Reflect  .   c - +0 helmet
rElec   .          Harm     .   (no cloak)
rCorr   .          Rampage  .   (no gloves)
Will    .....                   (no boots)
Stlth   ++++......              s - amulet of magic regeneration
HPRegen 0.10/turn               (no ring)
MPRegen 0.49/turn               (no ring)

@: no status effects
A: small, no large weapons, nightstalker 3
a: no special abilities


You were on level 3 of the Dungeon.
You visited 1 branch of the dungeon, and saw 3 of its levels.

You collected 129 gold pieces.

Inventory:

Hand Weapons
 a - a +0 rapier (weapon)
 b - a +0 hunting sling
 t - a +2 whip of pain
Missiles
 d - 3 throwing nets (quivered)
 e - 2 boomerangs
 g - 3 poisoned darts
Armour
 c - a +0 helmet (worn)
 q - a +0 leather armour (worn)
Jewellery
 s - an amulet of magic regeneration (around neck)
 u - an amulet of guardian spirit
Scrolls
 k - a scroll of fear {unknown}
 m - 2 scrolls of teleportation
 n - 2 scrolls of fog
 o - a scroll of silence {unknown}
Potions
 f - a potion of heal wounds
 h - a potion of haste
 i - a potion of magic {unknown}
 j - a potion of berserk rage {unknown}
 l - a potion of attraction {unknown}
 p - a potion of lignification {unknown}
 r - a potion of brilliance {unknown}
 v - a potion of curing {unknown}


   Skills:
 - Level 2.1 Fighting
 + Level 6.0 Short Blades
 - Level 2.1 Throwing
 - Level 3.6 Dodging
 + Level 4.7 Stealth


You had 4 spell levels left.
You didn't know any spells.
Your spell library was empty.

Dungeon Overview and Level Annotations

Branches:
Dungeon (3/15)

Altars:


Innate Abilities, Weirdness & Mutations

You are small and have problems with some larger weapons.
You are completely attuned to the shadows.


Message History

You hit the gnoll.
The gnoll is severely wounded.
The gnoll misses you.
The gnoll hits you from afar with a +0 spear.
You barely miss the gnoll.
The gnoll is severely wounded.
The gnoll barely misses you. The gnoll closely misses you.
You closely miss the gnoll.
The gnoll is severely wounded.
The gnoll hits you with a +0 club. The gnoll misses you.
You are too injured to fight recklessly!
You are too injured to fight recklessly!
You are too injured to fight recklessly!
You hit the gnoll.
The gnoll is severely wounded.
The gnoll misses you.
The gnoll hits you from afar with a +0 spear.
You hit the gnoll but do no damage.
The gnoll is severely wounded.
The gnoll misses you. The gnoll barely misses you.
You puncture the gnoll!
You kill the gnoll!
The gnoll hits you from afar with a +0 spear.
* * * LOW HITPOINT WARNING * * *
The gnoll misses you. The gnoll barely misses you.
You see here a +0 club.
You hit the gnoll.
The gnoll is lightly wounded.
The gnoll hits you with a +0 spear.
* * * LOW HITPOINT WARNING * * *
The gnoll completely misses you.
You barely miss the gnoll.
The gnoll is lightly wounded.
The gnoll completely misses you.
The gnoll hits you from afar with a +0 spear.
* * * LOW HITPOINT WARNING * * *
You hit the gnoll.
The gnoll is moderately wounded.
The gnoll hits you with a +0 spear!
You die...

#............#
#....#######.#
#.....# #.#
......## #.#
####.## #.#
#.# #.# #.#
#@# #g# #g.
#... .....


You could see 2 gnolls.

Vanquished Creatures
  Natasha (D:2)
  Robin (D:2)
  A gnoll (D:3)
  An adder (D:3)
  A worm (D:2)
  4 dart slugs
  4 endoplasms
  A giant cockroach (D:2)
  13 goblins
  9 hobgoblins
  4 jackals (D:1)
  6 kobolds
  7 quokkas
  6 ball pythons
  A bat (D:2)
  2 frilled lizards
  7 rats
69 creatures vanquished.

Vanquished Creatures (others)
  A plant (D:1)
1 creature vanquished.

Grand Total: 70 creatures vanquished

Notes
Turn   | Place    | Note
-------+----------+-------------------------------------------
     0 | D:1      | porpoise the Kobold Gladiator began the quest for the Orb.
     0 | D:1      | Reached XP level 1. HP: 12/12 MP: 1/1
   140 | D:1      | Reached skill level 1 in Stealth
   162 | D:1      | Reached XP level 2. HP: 17/17 MP: 2/2
   629 | D:1      | Reached XP level 3. HP: 21/21 MP: 3/3
  1127 | D:1      | Reached skill level 5 in Short Blades
  1520 | D:2      | Found a faded altar of an unknown god.
  1694 | D:2      | Reached XP level 4. HP: 26/26 MP: 4/4
  1927 | D:2      | Noticed Natasha
  1932 | D:2      | Killed Natasha
  2179 | D:2      | Noticed Robin
  2186 | D:2      | Killed Robin
  2187 | D:2      | Reached XP level 5. HP: 21/30 MP: 5/5
  2604 | D:3      | Reached skill level 6 in Short Blades
  2641 | D:3      | Slain by a gnoll

Illustrated notes

Levels and vault maps discovered:
D:1:      erik_arrival_blinker_ship, layout_basic, serial_forest,
          infiniplex_forest_lined_room_2, infiniplex_forest_straight_3,
          infiniplex_forest_clump_curved, infiniplex_forest_lined_corner,
          infiniplex_forest_straight_4, infiniplex_forest_straight_2,
          infiniplex_forest_join, infiniplex_forest_end_2,
          infiniplex_forest_clump_tiny
D:2:      layout_basic, chequers_ecumenical_altar_grove,
          hangedman_abyss_or_decor_stabs, uniq_natasha, uniq_robin
D:3:      layout_loops_corners

Skill      XL: |  1  2  3  4  5 |
---------------+----------------+-----
Stealth        | 1 2 3 4 |  4.7
Short Blades   | 5 6 |  6.0
Fighting       | |  2.1
Throwing       | |  2.1
Dodging        | |  3.6

Action                   |  1- 3 |  4- 6 || total
-------------------------+-------+-------++-------
Melee: Rapier            |    93 |    79 ||   172
       Punch             |     1 |     1 ||     2
 Fire: Hunting sling     |       |     4 ||     4
  Use: Scroll            |       |     4 ||     4
 Stab: Sleeping          |    13 |     3 ||    16
       Distracted        |     1 |       ||     1
Armor: Leather armour    |    17 |     8 ||    25
Dodge: Dodged            |    61 |    59 ||   120

Table legend: (Time is in decaauts)
 A = Elapsed time spent in this place.
 B = Non-inter-level travel time spent in this place.
 C = Inter-level travel time spent in this place.
 D = Time resting spent in this place.
 E = Time spent auto-exploring this place.
 F = Levels seen in this place.
 G = Mean time per level.
                   A        B        C        D        E       F      G
               +--------+--------+--------+--------+--------+-----+--------+
         Total |   2630 |   2584 |     46 |    851 |   1319 |   3 |  876.7 |
       Dungeon |   2630 |   2584 |     46 |    851 |   1319 |   3 |  876.7 |
               +--------+--------+--------+--------+--------+-----+--------+

Top non-repeatable levels by time:
     D:2: 1253 daAuts
     D:1: 1221 daAuts
     D:3: 155 daAuts
